 Dungeon Crawl Stone Soup version 0.26-a0-670-g578ab304f5 (webtiles) character file.

Game seed: 15171589343211240319

(classic levelgen) 82 EnegeticOcto the Digger (level 4, -4/27 HPs)
             Began as a Halfling Earth Elementalist on Oct 19, 2020.
             Slain by a gnoll shaman
             ... wielding a +0 whip of venom
              (7 damage)
             ... on level 4 of the Dungeon.
             The game lasted 00:03:11 (574 turns).

EnegeticOcto the Digger (HaEE)                       Turns: 574, Time: 00:03:12

Health: -4/27      AC:  2    Str:  9    XL:     4   Next: 70%
Magic:  6/6        EV: 15    Int: 14    God:
Gold:   62         SH:  0    Dex: 14    Spells: 0/6 levels left

rFire    . . .     SeeInvis .   a - +0 mace
rCold    . . .     Faith    .   (shield restricted)
rNeg     + . .     Spirit   .   c - +0 robe
rPois    .         Reflect  .   (no helmet)
rElec    .         Harm     .   (no cloak)
rCorr    .         Rampage  .   (no gloves)
MR       .....                  (no boots)
Stlth    ++........             (no amulet)
HPRegen  0.09/turn              k - ring of positive energy
MPRegen  0.10/turn              (no ring)

@: lethally poisoned (-4 -> -17)
A: small, mutation resistance 1
a: no special abilities


You were on level 4 of the Dungeon.
You visited 1 branch of the dungeon, and saw 5 of its levels.

You collected 62 gold pieces.

Inventory:

Hand Weapons
 a - a +0 mace (weapon)
Missiles
 b - 26 stones (quivered)
 e - 23 bolts
Armour
 c - a +0 robe (worn)
Jewellery
 k - a ring of positive energy (left hand)
Scrolls
 d - 2 scrolls of remove curse {unknown}
 f - 2 scrolls of identify {unknown}
 g - a scroll of teleportation {unknown}
 i - a scroll of enchant weapon {unknown}


   Skills:
 - Level 2.1 Dodging
 - Level 2.1 Stealth
 - Level 1.5 Spellcasting
 - Level 0.5 Transmutations
 + Level 5.1 Earth Magic


You couldn't memorise any spells.
You knew the following spells:

 Your Spells              Type           Power        Failure   Level
a - Sandblast             Erth           ###...       3%          1
b - Stone Arrow           Conj/Erth      #.....       26%         3
p - Passwall              Tmut/Erth      #.......     12%         2

Your spell library contained the following spells:

 Spells                   Type           Power        Failure   Level
 Petrify                  Tmut/Erth      #.......     61%         4
 Lee's Rapid Deconstruct  Erth           ###.......   63%         5


Dungeon Overview and Level Annotations

Branches:
Dungeon (5/15)
 Temple: D:4-7

Altars:


Innate Abilities, Weirdness & Mutations

You are small and have problems with some larger weapons.
You are somewhat resistant to further mutation.


Message History

Casting: Sandblast (safe; 3% risk of failure)
Confirm with . or Enter, or press ? or * to list all spells.
Aiming: Sandblast (safe; 3% risk of failure)
Press: ? - help, Shift-Dir - straight line, f - gnoll shaman
Aim: a gnoll shaman, wielding a +0 whip of venom and wearing a +0 leather armour The blast of sand hits the gnoll shaman but does no damage.
b - 33 stones
Casting: Sandblast (safe; 3% risk of failure)
Confirm with . or Enter, or press ? or * to list all spells.
Aiming: Sandblast (safe; 3% risk of failure)
Press: ? - help, Shift-Dir - straight line, f/p - gnoll shaman
Aim: a gnoll shaman, wielding a +0 whip of venom and wearing a +0 leather armour The blast of sand hits the gnoll shaman.
The gnoll shaman is lightly wounded.
b - 32 stones The gnoll shaman hits you but does no damage.
Casting: Sandblast (safe; 3% risk of failure)
Confirm with . or Enter, or press ? or * to list all spells.
Aiming: Sandblast (safe; 3% risk of failure)
Press: ? - help, Shift-Dir - straight line, f/p - gnoll shaman
Aim: a gnoll shaman, wielding a +0 whip of venom and wearing a +0 leather armour (lightly wounded)
The blast of sand hits the gnoll shaman.
The gnoll shaman is moderately wounded.
b - 31 stones The gnoll shaman hits you with a +0 whip of venom.
You are poisoned.
Casting: Sandblast (safe; 3% risk of failure)
Confirm with . or Enter, or press ? or * to list all spells.
Aiming: Sandblast (safe; 3% risk of failure)
Press: ? - help, Shift-Dir - straight line, f/p - gnoll shaman
Aim: a gnoll shaman, wielding a +0 whip of venom and wearing a +0 leather armour (moderately wounded)
The blast of sand hits the gnoll shaman.
The gnoll shaman is moderately wounded.
b - 30 stones You feel sick.
The gnoll shaman hits you with a +0 whip of venom.
You are lethally poisoned!
* * * LOW HITPOINT WARNING * * *
You feel sick.
It was a potion of curing.
You feel better.
A worm comes into view.
There is a stone staircase leading up here.
Casting: Sandblast (safe; 3% risk of failure)
Confirm with . or Enter, or press ? or * to list all spells.
Aiming: Sandblast (safe; 3% risk of failure)
Press: ? - help, Shift-Dir - straight line, f/p - gnoll shaman
Aim: a gnoll shaman, wielding a +0 whip of venom and wearing a +0 leather armour (moderately wounded)
The blast of sand hits the gnoll shaman but does no damage.
The gnoll shaman is moderately wounded.
b - 29 stones The gnoll shaman barely misses you.
You climb upwards.
There is a stone staircase leading down here.
The gnoll shaman invokes the aid of its god against you.
You resist with some effort.
Unknown command.
Casting: Sandblast (safe; 3% risk of failure)
Confirm with . or Enter, or press ? or * to list all spells.
Aiming: Sandblast (safe; 3% risk of failure)
Press: ? - help, Shift-Dir - straight line, f - gnoll shaman
Aim: a gnoll shaman, wielding a +0 whip of venom and wearing a +0 leather armour (moderately wounded)
The blast of sand hits the gnoll shaman but does no damage.
The gnoll shaman is moderately wounded.
b - 28 stones
Press: ? - help, v - describe, . - travel
Here: a gnoll shaman, wielding a +0 whip of venom and wearing a +0 leather armour (moderately wounded)
The floor.
Casting: Sandblast (safe; 3% risk of failure)
Confirm with . or Enter, or press ? or * to list all spells.
Aiming: Sandblast (safe; 3% risk of failure)
Press: ? - help, Shift-Dir - straight line, f/p - gnoll shaman
Aim: a gnoll shaman, wielding a +0 whip of venom and wearing a +0 leather armour (moderately wounded)
The blast of sand hits the gnoll shaman.
The gnoll shaman is moderately wounded.
b - 27 stones
Casting: Sandblast (safe; 3% risk of failure)
Confirm with . or Enter, or press ? or * to list all spells.
Aiming: Sandblast (safe; 3% risk of failure)
Press: ? - help, Shift-Dir - straight line, f/p - gnoll shaman
Aim: a gnoll shaman, wielding a +0 whip of venom and wearing a +0 leather armour (moderately wounded)
The blast of sand hits the gnoll shaman but does no damage.
The gnoll shaman is moderately wounded.
b - 26 stones The gnoll shaman hits you with a +0 whip of venom!
You are lethally poisoned!
* * * LOW HITPOINT WARNING * * *
You feel sick.
* * * LOW HITPOINT WARNING * * *
You feel sick.
* * * LOW HITPOINT WARNING * * *
You feel sick.
It was a potion of magic.
Magic courses through your body.
* * * LOW HITPOINT WARNING * * *
You feel sick.
You hit the gnoll shaman.
The gnoll shaman is moderately wounded.
* * * LOW HITPOINT WARNING * * *
You feel sick.
The gnoll shaman hits you with a +0 whip of venom!
You die...

#.##.#####........
###.##.##.....#...##
...##.##>##..##....
#..##.##.........##
#.....##.........#
##.##.##.......(.#
#................#
#.g##.......[....#
#.@##.....<........ #
#..#####.........##
####.####.............#..#
.................####......
###...>................###
######################


You could see a gnoll shaman.

Vanquished Creatures
  An orc priest (D:4)
  A worker ant (D:4)
  An adder (D:2)
  A dart slug (D:1)
  A leopard gecko (D:1)
  3 bats (D:1)
  A giant cockroach (D:1)
  A hobgoblin (D:1)
  2 jackals (D:1)
  3 kobolds (D:1)
  A quokka (D:3)
  2 frilled lizards (D:1)
  2 goblins (D:1)
  2 rats
22 creatures vanquished.

Notes
Turn   | Place    | Note
-------+----------+-------------------------------------------
     0 | D:1      | EnegeticOcto the Halfling Earth Elementalist began the
                  | quest for the Orb.
     0 | D:1      | Reached XP level 1. HP: 11/11 MP: 3/3
    71 | D:1      | Reached XP level 2. HP: 12/17 MP: 0/4
   322 | D:1      | Reached skill level 4 in Earth Magic
   322 | D:1      | Reached XP level 3. HP: 15/21 MP: 5/5
   387 | D:3      | Learned a level 2 spell: Passwall
   469 | D:4      | Reached XP level 4. HP: 16/27 MP: 1/6
   487 | D:5      | Entered Level 5 of the Dungeon
   487 | D:5      | Noticed an ice beast
   492 | D:4      | Reached skill level 5 in Earth Magic
   499 | D:4      | Learned a level 3 spell: Stone Arrow
   574 | D:4      | Slain by a gnoll shaman

Illustrated notes

Levels and vault maps discovered:
D:1:      ncdulo_watergridlock, layout_loops_corners, minmay_misc_feat_doors
D:2:      layout_basic, minmay_misc_feat_columns
D:3:      layout_loops_ring, minmay_misc_feat_iff, serial_bayou_pond_d,
          minmay_randomly_rotated_circles
D:4:      layout_loops_ring, okawaru_ov_weapons_minmay,
          gammafunk_temple_overflow_wave
D:5:      layout_cave_pools, nicolae_overflow_crystal_walls,
          minmay_temple_entry_large_hall, serial_gnoll_camp,
          gnoll_camp_huts_basic, gnoll_camp_mini_hut, gnoll_camp_mini_house,
          gnoll_camp_medium_02, gnoll_camp_mini_loothouse, gnoll_camp_mini_hut,
          kennysheep_small_spiral, uniq_blork_the_orc, uniq_pikel

Skill      XL: |  1  2  3  4 |
---------------+-------------+-----
Earth Magic    | 4 5 |  5.1
Dodging        | |  2.1
Stealth        | |  2.1
Spellcasting   | |  1.5
Transmutations | |  0.5

Action                   |  1- 3 |  4- 6 || total
-------------------------+-------+-------++-------
Melee: Unarmed           |     2 |       ||     2
       Mace              |    30 |     1 ||    31
 Cast: Sandblast         |    21 |    12 ||    33
  Use: Potion            |       |     2 ||     2
 Stab: Sleeping          |     1 |       ||     1
Armor: Robe              |    12 |     1 ||    13
Dodge: Dodged            |    45 |     1 ||    46

Table legend: (Time is in decaauts)
 A = Elapsed time spent in this place.
 B = Non-inter-level travel time spent in this place.
 C = Inter-level travel time spent in this place.
 D = Time resting spent in this place.
 E = Time spent auto-exploring this place.
 F = Levels seen in this place.
 G = Mean time per level.
                   A        B        C        D        E       F      G
               +--------+--------+--------+--------+--------+-----+--------+
         Total |    586 |    583 |      3 |      0 |      0 |   5 |  117.2 |
       Dungeon |    586 |    583 |      3 |      0 |      0 |   5 |  117.2 |
               +--------+--------+--------+--------+--------+-----+--------+

Top non-repeatable levels by time:
     D:1: 365 daAuts
     D:4: 111 daAuts
     D:3: 64 daAuts
     D:2: 22 daAuts
     D:5: 22 daAuts
